 Dungeon Crawl Stone Soup version 0.31.0-12-g77e489cdc1 (webtiles) character file.

Game seed: 3009559547708291

2751 hawla the Carver (level 9, -7/70 HPs)
             Began as a Minotaur Fighter on Feb 26, 2024.
             Was a Believer of Yredelemnul.
             Mangled by an orc knight
             ... wielding a +0 war axe
              (11 damage)
             ... in a bailey.
             The game lasted 00:11:58 (5080 turns).

hawla the Carver (Minotaur Fighter)                 Turns: 5080, Time: 00:11:59

Health: -7/70      AC: 14    Str: 20    XL:     9   Next: 41%
Magic:  8/8        EV: 15    Int:  5    God:    Yredelemnul [**....]
Gold:   301        SH:  5    Dex: 15    Spells: 8/8 levels left

rFire   . . .        p - +7 long sword (heavy)
rCold   . . .        c - +0 buckler
rNeg    . . .        a - +0 chain mail
rPois   .            (helmet restricted)
rElec   .            r - +1 cloak {Will+}
rCorr   .            (no gloves)
SInv    .            q - +2 pair of boots
Will    +....        v - amulet of the acrobat Stlth
                     u - +5 ring of evasion
HPRegen 0.31/turn    (no ring)
MPRegen 0.11/turn

%: acrobat
@: no status effects
A: horns 2, retaliatory headbutt
a: Renounce Religion, Recall Undead Harvest, Dark Bargain


You were in a bailey.
You worshipped Yredelemnul.
Yredelemnul was noncommittal.
You visited 2 branches of the dungeon, and saw 8 of its levels.
You also visited: Ossuary and Bailey.

You collected 301 gold pieces.

Inventory:

Hand Weapons
 i - a +0 falchion of flaming
 p - a +7 heavy long sword (weapon)
 A - the +6 short sword of Qefusteb {antimagic, Str+3 Stlth+}
   (You found it on level 6 of the Dungeon)

   Str+3:     It affects your strength (+3).
   Stlth+:    It makes you more stealthy.
 F - the +7 hand axe of Saof {flame, rF+ Int+2 Dex+5}
   (You found it on level 7 of the Dungeon)

   Int+2:     It affects your intelligence (+2).
   Dex+5:     It affects your dexterity (+5).
   rF+:       It protects you from fire.
Missiles
 s - 2 throwing nets (quivered)
Armour
 a - a +0 chain mail (worn)
 c - a +0 buckler (worn)
 q - a +2 pair of boots (worn)
 r - a +1 cloak of willpower (worn)
Jewellery
 b - a ring of ice
 u - a +5 ring of evasion (left hand)
 v - an amulet of the acrobat (around neck)
Scrolls
 l - a scroll of blinking
 o - 4 scrolls of poison
 y - a scroll of fear {unknown}
 B - a scroll of enchant armour {unknown}
 C - a scroll of teleportation
 D - a scroll of revelation {unknown}
Potions
 d - 3 potions of might
 e - a potion of brilliance
 f - 2 potions of invisibility
 g - 3 potions of cancellation
 h - a potion of degeneration {unknown}
 j - 2 potions of attraction
 k - 2 potions of magic {unknown}
 m - 2 potions of mutation {unknown}
 n - 9 potions of curing {unknown}
 t - 3 potions of heal wounds {unknown}
 x - a potion of berserk rage {unknown}
 z - a potion of lignification {unknown}
 E - a potion of haste {unknown}


   Skills:
 - Level 3.6 Fighting
 - Level 14.0 Long Blades
 - Level 3.6 Armour
 + Level 5.0 Dodging
 - Level 5.0 Shields


You had 8 spell levels left.
You didn't know any spells.
Your spell library was empty.

Dungeon Overview and Level Annotations

Branches:
Dungeon (7/15)             Temple (1/1) D:6         Ossuary (visited)
 Bailey (1/1)

Altars:
Ashenzari
Cheibriados
Dithmenos
Elyvilon
Fedhas
Gozag
Hepliaklqana
Kikubaaqudgha
Makhleb
Nemelex Xobeh
Okawaru
Qazlal
Ru
Sif Muna
Trog
Uskayaw
Vehumet
Wu Jian
Xom
Yredelemnul
Zin


Innate Abilities, Weirdness & Mutations

You have a pair of horns on your head.
You reflexively headbutt those who attack you in melee.


Message History

The orc knight shouts!
The orc shouts! x2; The orc warrior shouts!
You hear a shout! x2
An orc knight comes into view. It is wielding a +0 war axe.
An orc comes into view. It is wielding a +0 hand axe.
A gnoll comes into view. It is wielding a +0 hand axe.
The gnoll shouts!
Found six items.
Found a gate leading back out of this place.
There is an open door here.
You slash the orc knight!
The orc knight is lightly wounded.
The orc hits you with a +0 hand axe.
You hit the orc knight but do no damage.
The orc knight is lightly wounded.
The orc knight barely misses you. You furiously retaliate!
You headbutt the orc knight, but do no damage.
The orc barely misses you.
You slash the orc knight!
The orc knight is moderately wounded.
The orc knight roars a battlecry!
The orcs go into a battle-frenzy!
The orc knight hits you but does no damage.
Unknown command.
You slash the orc knight!
The orc knight is heavily wounded.
The orc knight roars a battlecry!
The orc knight goes into a battle-frenzy!
The orc knight hits you with a +0 war axe!
You slash the orc knight! You headbutt the orc knight.
The orc knight is severely wounded.
The orc knight hits you with a +0 war axe!!
You block the orc knight's attack.
Unknown command.
You hit the orc knight.
The orc knight is severely wounded.
The orc knight hits you with a +0 war axe!!
* * * LOW HITPOINT WARNING * * *
The orc knight hits you with a +0 war axe!
You die...
Your body rises from the dead as a mindless zombie.

#!?∩!! ??...?
#...... .......
....... #######
o...⌠..
##....Z##oo.....
#.....ZZ@oo.....
##.....Z.##g.....
#.......Z.# .....
##.........##
8.88
#.....⌠.....# +##
##.........##
#.........#
##..)....##
#.).....#


You could see 2 orc knights, an orc warrior (strong), a gnoll, 2 orcs, a
friendly goblin zombie, a friendly hobgoblin zombie, a friendly orc zombie and 2
friendly orc warrior zombies.

Vanquished Creatures
  Sigmund (D:6)
  Eustachio (D:4)
  A steam dragon (D:6)
  2 water moccasins
  3 orc warriors
  4 sky beasts (D:7)
  2 ice beasts (D:5)
  2 ogres
  A centaur (D:7)
  2 bullfrogs
  A scorpion (D:5)
  A howler monkey (D:6)
  A bombardier beetle (D:5)
  2 centaur zombies (Ossuary)
  A hound (D:4)
  2 gnoll boudas
  A sleepcap (D:6)
  Crazy Yiuf (D:3)
  3 orc priests (D:6)
  An iguana (D:4)
  Terence (D:2)
  4 crocodile zombies (Ossuary)
  2 mummies (Ossuary)
  Robin (D:4)
  13 gnolls
  8 adders
  2 ufetubi (D:5)
  3 dart slugs
  10 orcs
  8 bats
  2 endoplasms (D:2)
  A giant cockroach (D:4)
  2 gnoll zombies (Ossuary)
  24 goblins
  8 hobgoblins
  6 jackals
  3 kobolds
  5 quokkas
  6 ball pythons
  2 frilled lizards
  2 kobold zombies (Ossuary)
  3 rats
  2 rat zombies (D:7)
  A spectral kobold (D:2)
152 creatures vanquished.

Vanquished Creatures (collateral kills)
  A gnoll (D:7)
  A goblin (Bailey)
2 creatures vanquished.

Vanquished Creatures (others)
  A gnoll zombie (Bailey)
  A goblin zombie (Bailey)
2 creatures vanquished.

Grand Total: 156 creatures vanquished

Notes
Turn   | Place    | Note
-------+----------+-------------------------------------------
     0 | D:1      | hawla the Minotaur Fighter began the quest for the Orb.
     0 | D:1      | Reached XP level 1. HP: 19/19 MP: 0/0
    68 | D:1      | Reached skill level 1 in Dodging
   110 | D:1      | Reached XP level 2. HP: 23/26 MP: 1/1
   671 | D:2      | Reached XP level 3. HP: 30/30 MP: 2/2
   692 | D:2      | Reached skill level 3 in Long Blades
   959 | D:2      | Reached XP level 4. HP: 38/39 MP: 3/3
   985 | D:2      | Found a faded altar of an unknown god.
   989 | D:2      | Noticed Terence
  1000 | D:2      | Killed Terence
  1001 | D:2      | Reached skill level 4 in Long Blades
  1540 | D:3      | Reached skill level 5 in Long Blades
  1543 | D:3      | Reached XP level 5. HP: 35/45 MP: 4/4
  1690 | D:3      | Found a radiant altar of Vehumet.
  2200 | D:3      | Found a runed translucent door.
  2201 | D:3      | Noticed Crazy Yiuf
  2207 | D:3      | Killed Crazy Yiuf
  2208 | D:3      | Reached skill level 6 in Long Blades
  2334 | D:4      | Noticed Eustachio
  2340 | D:4      | Killed Eustachio
  2341 | D:4      | Reached skill level 7 in Long Blades
  2341 | D:4      | Reached XP level 6. HP: 44/51 MP: 5/5
  2496 | D:4      | Found a white marble altar of Elyvilon.
  2729 | D:4      | Noticed Robin
  2756 | D:4      | Killed Robin
  2933 | D:5      | Entered Level 5 of the Dungeon
  2954 | D:5      | Reached skill level 8 in Long Blades
  2957 | D:5      | Found a sparkling altar of Nemelex Xobeh.
  2974 | D:5      | Reached XP level 7. HP: 5/57 MP: 6/6
  3180 | D:5      | Reached skill level 9 in Long Blades
  3460 | D:5      | Reached skill level 10 in Long Blades
  3765 | D:6      | Reached XP level 8. HP: 27/64 MP: 7/7
  3772 | D:6      | Reached skill level 11 in Long Blades
  3922 | D:6      | Identified the +6 short sword of Qefusteb {antimagic, Str+3
                  | Stlth+}
  3938 | D:6      | Reached skill level 12 in Long Blades
  3940 | D:6      | Found a staircase to the Ecumenical Temple.
  3951 | Temple   | Entered the Ecumenical Temple
  3960 | Temple   | Became a worshipper of Yredelemnul the Dark
  4052 | D:6      | Noticed Sigmund
  4060 | D:6      | Killed Sigmund
  4060 | D:6      | Reached * piety under Yredelemnul
  4168 | D:6      | Found a hazy altar of Hepliaklqana.
  4168 | D:6      | Found a blossoming altar of Fedhas.
  4265 | D:6      | Found an ancient bone altar of Kikubaaqudgha.
  4466 | D:7      | Reached skill level 13 in Long Blades
  4495 | D:7      | Found a bloodstained altar of Trog.
  4512 | D:7      | Reached XP level 9. HP: 70/70 MP: 8/8
  4519 | D:7      | Reached ** piety under Yredelemnul
  4570 | D:7      | Reached *** piety under Yredelemnul
  4571 | D:7      | Reached skill level 14 in Long Blades
  4781 | D:7      | Found a sand-covered staircase.
  4789 | Ossuary  | Entered an ossuary
  4973 | D:7      | Found a flagged portal.
  4978 | D:7      | Identified the +7 hand axe of Saof {flame, rF+ Int+2 Dex+5}
  4982 | Bailey   | Entered a bailey
  5023 | Bailey   | Reached skill level 5 in Shields
  5041 | Bailey   | Reached skill level 5 in Dodging
  5073 | Bailey   | Noticed an orc knight
  5073 | Bailey   | Noticed an orc knight
  5080 | Bailey   | Mangled by an orc knight

Illustrated notes

Levels and vault maps discovered:
D:1:      lightli_arrival_maybe_door_vault, layout_loops_cross
D:2:      layout_rooms, dreamdust_ecumenical_altar_drowned_temple, uniq_terence
D:3:      layout_loops_ring, amcnicky_altar_gilded, uniq_crazy_yiuf_cottage
D:4:      layout_basic, elyvilon_altar_5, uniq_eustachio, uniq_robin
D:5:      layout_rooms, mainiacjoe_overflow_catwalk, serial_aquarium,
          aquarium_bridge_square [aquarium_subvault_wall,
          aquarium_subvault_bridge, aquarium_subvault_bridge,
          aquarium_subvault_balcony], aquarium_bridge_square
          [aquarium_subvault_window, aquarium_subvault_bridge,
          aquarium_subvault_window, aquarium_subvault_bridge],
          aquarium_window_1, aquarium_window_fake, aquarium_view_2c,
          aquarium_view_2g, aquarium_pool_2
D:6:      layout_rooms, old_standard_altar, mainiacjoe_overflow_divided_tiny,
          minmay_temple_entry_grid, serial_bayou_pond_e,
          chequers_serial_rivers_large_a, uniq_sigmund
D:7:      layout_rooms, mainiacjoe_overflow_concentric_impassable,
          enter_ossuary_4, enter_bailey_2, moated_statue, minmay_misc_feat_tiny
Temple:   eino_temple_lava
Bailey:   bailey_axe_minmay_hex_keep, bailey

Skill      XL: |  1  2  3  4  5  6  7  8  9 |
---------------+----------------------------+-----
Dodging        | 1 3 5 |  5.0
Long Blades    | 3 5 7 8 10 13 14 | 14.0
Shields        | 5 |  5.0
Fighting       | |  3.6
Armour         | |  3.6

Action                     |  1- 3 |  4- 6 |  7- 9 || total
---------------------------+-------+-------+-------++-------
  Melee: Long sword        |    62 |   110 |   156 ||   328
         Headbutt          |     7 |    13 |    21 ||    41
    Use: Scroll            |       |     9 |     6 ||    15
         Potion            |       |     1 |       ||     1
   Stab: Invisible         |       |       |     1 ||     1
 Armour: Scale mail        |    41 |    14 |       ||    55
         Chain mail        |       |    83 |   105 ||   188
  Dodge: Dodged            |    39 |    60 |   104 ||   203
  Block: Buckler           |     7 |    36 |    37 ||    80
